 Dungeon Crawl Stone Soup version 0.28.0 (webtiles) character file.

Game seed: 9517735089582179553

43337 Asparus the Destroyer (level 13, -16/98 HPs)
             Began as a Demonspawn Conjurer on Feb 15, 2022.
             Was a High Priest of Cheibriados.
             Killed from afar by an oklob plant (17 damage)
             ... with a splash of acid
             ... on level 5 of the Lair of Beasts on Feb 16, 2022.
             The game lasted 01:01:06 (23154 turns).

Asparus the Destroyer (Demonspawn Conjurer)        Turns: 23154, Time: 01:01:06

Health: -16/98     AC:  2    Str: 21    XL:     13   Next: 90%
Magic:  34/38      EV: 17    Int: 41    God:    Cheibriados [*****.]
Gold:   1191       SH:  0    Dex: 26    Spells: 23/35 levels left

rFire   . . .      SeeInvis .   p - +3 flail (vorpal)
rCold   . . .      Faith    .   (no shield)
rNeg    . . .      Spirit   .   n - +2 robe {Will+}
rPois   .          Reflect  .   A - +3 hat of Pondering {ponderous, Will+ MP+10 Int+5}
rElec   .          Harm     .   k - +0 cloak
rCorr   .          Rampage  .   d - +1 pair of gloves
Will    ++...                   H - +0 pair of boots
Stlth   +++.......              J - amulet of regeneration
HPRegen 1.06/turn               L - +4 ring of evasion
MPRegen 0.26/turn               (no ring)

@: corroded, very slow
A: horns 2, yellow scales 2, spiny 1, demonic magic 2
a: Renounce Religion, Bend Time, Temporal Distortion, Slouch, Step From Time


You were on level 5 of the Lair of Beasts.
You worshipped Cheibriados.
Cheibriados was extremely pleased with you.
You visited 3 branches of the dungeon, and saw 17 of its levels.

You collected 1191 gold pieces.

Inventory:

Hand Weapons
 p - a +3 vorpal flail (weapon)
Missiles
 g - 5 throwing nets
Armour
 d - a +1 pair of gloves (worn)
 k - a +0 cloak (worn)
 n - a +2 robe of willpower (worn)
 A - the +3 hat of Pondering (worn) {ponderous, Will+ MP+10 Int+5}
   (You took it off Gastronok on level 9 of the Dungeon)

   Int:       It affects your intelligence (+5).
   MP:        It affects your magic capacity (+10).
   Will:      It increases your willpower.
 H - a +0 pair of boots (worn)
Jewellery
 F - an amulet of magic regeneration
 G - an amulet of reflection
 J - an amulet of regeneration (around neck)
 L - a +4 ring of evasion (left hand)
Wands
 f - a wand of paralysis (5)
 o - a wand of charming (2)
 t - a wand of digging (5)
 x - a wand of mindburst (12)
 K - a wand of acid (3)
Scrolls
 h - a scroll of magic mapping
 i - 3 scrolls of summoning
 j - 2 scrolls of fog
 u - 2 scrolls of blinking
 v - a scroll of enchant armour
 y - a scroll of amnesia
 C - 3 scrolls of teleportation
 I - a scroll of fear
 M - a scroll of holy word
Potions
 a - 6 potions of might
 b - 3 potions of heal wounds
 c - 3 potions of brilliance
 e - a potion of flight
 l - 4 potions of attraction
 m - a potion of resistance
 q - a potion of lignification
 r - 3 potions of berserk rage
 s - 3 potions of mutation
 w - 2 potions of magic
 z - a potion of haste
 B - a potion of curing
 D - 2 potions of cancellation
 E - a potion of ambrosia
 N - a potion of invisibility


   Skills:
 - Level 8.0 Fighting
 - Level 2.0 Dodging
 - Level 2.0 Stealth
 + Level 11.9 Spellcasting
 + Level 13.1 Conjurations
 - Level 6.0 Hexes
 - Level 8.0 Ice Magic
 - Level 8.0 Air Magic
 - Level 8.0 Invocations


You had 23 spell levels left.
You knew the following spells:

 Your Spells              Type           Power      Damage    Failure   Level
a - Magic Dart            Conj           100%       1d8       0%          1
b - Searing Ray           Conj           100%       2d8       0%          2
c - Fulminant Prism       Conj/Hex       40%        3d20      1%          4
d - Freezing Cloud        Conj/Ice/Air   40%        6-21      1%          5

Your spell library contained the following spells:

 Spells                   Type           Power      Damage    Failure   Level
 Animate Skeleton         Necr           48%        N/A       1%          1
 Freeze                   Ice            100%       1d11      1%          1
 Pain                     Necr           96%        1d8       1%          1
 Shock                    Conj/Air       100%       1d9       1%          1
 Dazzling Flash           Conj/Hex       100%       N/A       1%          3
 Frozen Ramparts          Ice            100%       1d12      1%          3
 Inner Flame              Hex/Fire       49%        N/A       1%          3
 Mephitic Cloud           Conj/Pois/Air  70%        N/A       1%          3
 Summon Guardian Golem    Hex/Summ       49%        N/A       1%          3
 Swiftness                Air            74%        N/A       1%          3
 Airstrike                Air            37%        N/A       1%          4
 Cause Fear               Hex            32%        N/A       1%          4
 Hailstorm                Conj/Ice       84%        3d17      1%          4
 Iskenderun's Mystic Bla  Conj/Tloc      68%        2d14      1%          4
 Ignite Poison            Fire/Tmut/Pois 24%        N/A       4%          3
 Vampiric Draining        Necr           24%        2d7       4%          3
 Orb of Destruction       Conj           46%        9d12      5%          7
 Spellforged Servitor     Conj/Summ      34%        N/A       61%         7
 Discord                  Hex            32%        N/A       100%        8


Dungeon Overview and Level Annotations

Branches:
Dungeon (11/15)            Temple (1/1) D:7            Lair (5/6) D:8
  Swamp (0/4) Lair:2        Snake (0/4) Lair:2        Slime (0/5) Lair:5
    Orc (0/2) D:11

Altars:
Cheibriados
Fedhas
Gozag
Hepliaklqana
Qazlal
Vehumet
Wu Jian
Xom
The Shining One

Shops:
D:5 (

Annotations:
D:7 1 runed translucent door, Anon1729's ghost, novice OpTm
D:8 4 runed translucent doors, Raspi's ghost, novice DsGl
Lair:3 3 runed translucent doors, bidolon's ghost, journeyman SpEn
Lair:5 exclusion: 3 oklob plants


Innate Abilities, Weirdness & Mutations

You have a pair of horns on your head.
You are mostly covered in yellow scales. (AC +3)
You are partially covered in sharp spines.
Spells you cast may paralyse nearby enemies.


Message History

L - a +4 ring of evasion (left hand)
You start removing your amulet.
You continue taking off your amulet of magic regeneration. x4
You finish taking off your amulet of magic regeneration.
You start putting on your amulet.
You continue putting on your amulet of regeneration. x5
You finish putting on your amulet of regeneration.
The amulet throbs as it attunes itself to your uninjured body.
J - an amulet of regeneration (around neck)
Found a plate armour.
You now have 1191 gold pieces (gained 7). 2 oklob plants come into view.
Marking area around 2 oklob plants as unsafe for travelling.
An oklob plant comes into view.
Found a staircase to the Slime Pits.
The oklob plant spits acid at you. The splash of acid hits you!
The acid corrodes you!
Marking area around an oklob plant as unsafe for travelling.
Casting: Searing Ray (safe; 0% risk of failure)
Confirm with . or Enter, or press ? or * to list all spells.
Aiming: Freezing Cloud (mildly dangerous; 1% risk of failure)
Press: ? - help, Dir - move target Malevolent energies surge around you.
The oklob plant is engulfed in freezing vapours.
The oklob plant spits acid at you. The splash of acid hits you!!
The acid corrodes you! The oklob plant spits acid at you.
The splash of acid hits you!! The acid corrodes you!
The oklob plant is engulfed in freezing vapours.
The oklob plant is engulfed in freezing vapours.
The oklob plant spits acid at you. The splash of acid hits you!!
The acid corrodes you!
The oklob plant is engulfed in freezing vapours.
The oklob plant spits acid at you. The splash of acid hits you!!
* * * LOW HITPOINT WARNING * * *
The oklob plant is engulfed in freezing vapours.
The oklob plant spits acid at you. The splash of acid hits you!
You die...

########
#####......###
#.......@....##
P.......##....#
.§§§..####....#
§P§§#. ##....##
.P# ####......#
# #.#......##
####......##
#......####
#....###


You could see 2 oklob plants.

Vanquished Creatures
  Gastronok (D:9)
  Harold (D:7)
  A boulder beetle (Lair:4)
  6 hydras
  A centaur warrior (D:8)
  A catoblepas (Lair:3)
  2 two-headed ogres
  10 death yaks
  A deep troll earth mage (D:10)
  Pikel (D:9)
  2 ugly things
  2 cyclopes
  Maurice (D:8)
  An elephant (Lair:1)
  11 black mambas
  8 cane toads
  4 komodo dragons
  3 rime drakes
  An unseen horror (D:11)
  A troll (D:10)
  2 polar bears (Lair:4)
  Prince Ribbit (D:5)
  5 dream sheep
  11 blink frogs
  A wraith (D:11)
  36 yaks
  5 wyverns
  2 vampire mosquitoes (D:10)
  3 basilisks
  Menkaure (D:5)
  A steam dragon (D:10)
  2 wargs (D:11)
  Duvessa (D:5)
  2 acid dragons
  18 water moccasins
  3 orc warriors
  4 ice beasts
  2 sky beasts
  2 black bears
  2 necrophages
  3 centaurs
  4 ogres
  3 lemures (D:9)
  3 elf zombies (D:7)
  A kobold brigand (D:10)
  11 bullfrogs
  A gnoll sergeant (D:8)
  A wyvern zombie (D:5)
  An elf skeleton (D:7)
  A scorpion (D:4)
  Dowan (D:5)
  A killer bee (D:8)
  6 howler monkeys
  5 wights (D:6)
  A bullfrog zombie (D:5)
  2 electric eels
  A jelly (D:6)
  7 centaur zombies
  4 hounds
  3 human zombies (D:7)
  3 orc priests
  3 bullfrog skeletons
  11 orc wizards
  A scorpion zombie (D:5)
  Terence (D:3)
  2 killer bee zombies
  3 howler monkey zombies
  4 gnolls
  A howler monkey skeleton (D:6)
  4 adders
  2 white imps (D:8)
  An ufetubus (D:7)
  2 dart slugs (D:3)
  29 orcs
  5 ball pythons
  5 bats
  3 endoplasms
  5 giant cockroaches
  7 goblins
  6 hobgoblins
  4 jackals (D:1)
  2 quokkas
  7 frilled lizards
  9 kobolds
  2 orc skeletons (D:7)
  2 orc zombies (D:7)
  3 rats
  A bush (Lair:5)
351 creatures vanquished.

Vanquished Creatures (others)
  A bush (Lair:5)
  7 fulminant prisms
  41 fungi
  70 plants
119 creatures vanquished.

Grand Total: 470 creatures vanquished

Notes
Turn   | Place    | Note
-------+----------+-------------------------------------------
     0 | D:1      | Asparus the Demonspawn Conjurer began the quest for the
                  | Orb.
     0 | D:1      | Reached XP level 1. HP: 13/13 MP: 3/3
   296 | D:1      | Gained mutation: Spells you cast may paralyse adjacent
                  | enemies. [demonic ancestry]
   296 | D:1      | Reached XP level 2. HP: 18/20 MP: 0/5
   382 | D:1      | Found a faded altar of an unknown god.
   534 | D:1      | Reached skill level 1 in Fighting
  1399 | D:2      | Gained mutation: You are partially covered in yellow
                  | scales. (AC +2) [demonic ancestry]
  1399 | D:2      | Reached XP level 3. HP: 26/26 MP: 4/6
  1696 | D:2      | Learned a level 2 spell: Searing Ray
  2271 | D:3      | Found an opulent altar of Gozag.
  2364 | D:3      | Noticed Terence
  2383 | D:3      | Killed Terence
  2384 | D:3      | Gained mutation: You are partially covered in sharp spines.
                  | [demonic ancestry]
  2384 | D:3      | Reached XP level 4. HP: 29/33 MP: 0/8
  3305 | D:4      | Reached XP level 5. HP: 39/39 MP: 5/9
  3343 | D:4      | Noticed an ogre
  3350 | D:4      | Killed an ogre
  3351 | D:4      | Reached skill level 5 in Conjurations
  3500 | D:4      | Reached XP level 6. HP: 35/47 MP: 5/11
  3760 | D:4      | Learned a level 4 spell: Fulminant Prism
  3770 | D:4      | Identified the +5 ring mail of Imuen {Regen+ Int+4}
  4054 | D:5      | Entered Level 5 of the Dungeon
  4054 | D:5      | Found Ocojaxod's Antique Weapon Shoppe.
  4107 | D:5      | Reached skill level 1 in Hexes
  4215 | D:5      | Noticed Prince Ribbit
  4225 | D:5      | Killed Prince Ribbit
  4226 | D:5      | Reached XP level 7. HP: 28/54 MP: 4/13
  4620 | D:5      | Reached skill level 6 in Conjurations
  4935 | D:5      | Noticed Duvessa
  4951 | D:5      | Killed Duvessa
  4952 | D:5      | Noticed Dowan
  5114 | D:5      | Killed Dowan
  5470 | D:5      | Learned a level 5 spell: Freezing Cloud
  5493 | D:5      | Gained mutation: You are mostly covered in yellow scales.
                  | (AC +3) [demonic ancestry]
  5493 | D:5      | Reached XP level 8. HP: 61/61 MP: 6/15
  5576 | D:5      | Noticed Menkaure
  5583 | D:5      | Killed Menkaure
  5729 | D:5      | Reached skill level 5 in Spellcasting
  5795 | D:5      | Reached skill level 1 in Ice Magic
  5795 | D:5      | Reached skill level 1 in Air Magic
  6201 | D:5      | Reached skill level 5 in Fighting
  6890 | D:6      | Reached skill level 7 in Conjurations
  6902 | D:6      | Gained mutation: Spells you cast may paralyse nearby
                  | enemies. [demonic ancestry]
  6902 | D:6      | Reached XP level 9. HP: 57/68 MP: 5/17
  7978 | D:7      | Reached skill level 5 in Hexes
  8014 | D:7      | Found the +5 demon whip "Spellbinder" {antimagic, Will+}
  8195 | D:7      | Found a staircase to the Ecumenical Temple.
  8203 | Temple   | Entered the Ecumenical Temple
  8278 | Temple   | Became a worshipper of Cheibriados the Contemplative
  8324 | D:7      | Noticed Harold
  8357 | D:7      | Killed Harold
  8358 | D:7      | Reached skill level 8 in Conjurations
  8358 | D:7      | Reached XP level 10. HP: 28/76 MP: 4/19
  8953 | D:7      | Found a runed translucent door.
  8960 | D:7      | Noticed Anon1729's ghost (novice OpTm)
  9662 | D:8      | Reached * piety under Cheibriados
  9772 | D:8      | Noticed Maurice
  9782 | D:8      | Killed Maurice
 10012 | D:8      | Found a staircase to the Lair.
 10141 | D:8      | Found a runed translucent door.
 10142 | D:8      | Noticed Raspi's ghost (novice DsGl)
 10267 | D:8      | Noticed a cyclops
 10287 | D:8      | Killed a cyclops
 10288 | D:8      | Reached skill level 5 in Ice Magic
 10288 | D:8      | Reached skill level 5 in Air Magic
 10338 | D:8      | Noticed a two-headed ogre
 10919 | D:8      | Noticed a centaur warrior
 10940 | D:8      | Killed a centaur warrior
 11128 | D:8      | Found a runed translucent door.
 11129 | D:8      | Noticed a centaur warrior
 11129 | D:8      | Noticed a two-headed ogre
 11130 | D:8      | Noticed an eight-headed hydra
 11511 | D:8      | Killed a two-headed ogre
 11512 | D:8      | Reached skill level 9 in Conjurations
 11702 | D:8      | Noticed a manticore
 11704 | D:8      | Found a runed translucent door.
 11704 | D:8      | Found a runed translucent door.
 11793 | D:8      | Reached XP level 11. HP: 42/81 MP: 16/22
 12406 | D:9      | Noticed Pikel
 12409 | D:9      | Killed Pikel
 12410 | D:9      | Reached skill level 1 in Invocations
 12527 | D:9      | Noticed a white ugly thing
 12657 | D:9      | Reached ** piety under Cheibriados
 12934 | D:9      | Noticed Gastronok
 12946 | D:9      | Killed Gastronok
 13385 | D:9      | Killed a white ugly thing
 13607 | D:10     | Entered Level 10 of the Dungeon
 14011 | D:10     | Noticed a deep troll earth mage
 14015 | D:10     | Killed a deep troll earth mage
 14023 | D:10     | Reached skill level 10 in Conjurations
 14024 | D:10     | Reached skill level 5 in Invocations
 14758 | D:11     | Noticed a red ugly thing
 14763 | D:11     | Killed a red ugly thing
 14997 | D:11     | Noticed a two-headed ogre
 15004 | D:11     | Killed a two-headed ogre
 15098 | D:11     | Found a staircase to the Orcish Mines.
 15209 | D:11     | Noticed a six-headed hydra
 15213 | D:11     | Killed a six-headed hydra
 15214 | D:11     | Reached skill level 11 in Conjurations
 15214 | D:11     | Gained mutation: You have a pair of small horns on your
                  | head. [demonic ancestry]
 15214 | D:11     | Reached XP level 12. HP: 88/88 MP: 23/25
 15787 | Lair:1   | Entered Level 1 of the Lair of Beasts
 15852 | Lair:1   | Reached *** piety under Cheibriados
 16188 | Lair:1   | Reached skill level 10 in Spellcasting
 16957 | Lair:2   | Noticed a seven-headed hydra
 16970 | Lair:2   | Killed a seven-headed hydra
 17076 | Lair:2   | Reached skill level 12 in Conjurations
 17670 | Lair:2   | Found a staircase to the Snake Pit.
 17798 | Lair:2   | Noticed a six-headed hydra
 17804 | Lair:2   | Killed a six-headed hydra
 17937 | Lair:2   | Reached **** piety under Cheibriados
 18380 | Lair:2   | Found a staircase to the Swamp.
 18945 | Lair:3   | Found a dark tunnel.
 19106 | Lair:3   | Found a runed translucent gate.
 19107 | Lair:3   | Found a runed translucent gate.
 19109 | Lair:3   | Found a runed translucent gate.
 19115 | Lair:3   | Noticed a catoblepas
 19123 | Lair:3   | Killed a catoblepas
 19124 | Lair:3   | Gained mutation: You have a pair of horns on your head.
                  | [demonic ancestry]
 19124 | Lair:3   | Reached XP level 13. HP: 86/95 MP: 25/28
 19656 | Lair:3   | Found the +2 hat of the Bear Spirit {Spirit, *Rage Will++}
 19657 | Lair:3   | Noticed bidolon's ghost (journeyman SpEn)
 20825 | Lair:4   | Reached ***** piety under Cheibriados
 22922 | Lair:5   | Reached skill level 13 in Conjurations
 23152 | Lair:5   | Found a staircase to the Slime Pits.
 23154 | Lair:5   | HP: 1/98 [oklob plant/splash of acid (31)]
 23154 | Lair:5   | Killed from afar by an oklob plant

Illustrated notes

Levels and vault maps discovered:
D:1:      evilmike_arrival_plus, layout_basic, basic_ecumenical_altar
D:2:      layout_basic
D:3:      layout_loops_ring, nicolae_gozag_seed_capital, serial_aquarium,
          aquarium_bridge_long_joined [aquarium_subvault_bridge,
          aquarium_subvault_bridge, aquarium_subvault_window,
          aquarium_subvault_wall, aquarium_subvault_wall,
          aquarium_subvault_wall], aquarium_window_corridor_1,
          aquarium_window_1, aquarium_window_fake, aquarium_view_2c,
          aquarium_view_2d, aquarium_pool_split, uniq_terence
D:4:      layout_rooms, serial_bayou_pond_a
D:5:      layout_basic, serial_shops, shop, uniq_menkaure, uniq_prince_ribbit1,
          uniq_duvessa
D:6:      nicolae_cairo_tiling_very_big, layout_basic
D:7:      layout_basic, minmay_temple_entry_junction,
          ebering_ghost_reflecting_pool, nicolae_ossuary_entry_catacombs,
          hangedman_decor_lopped, st_stairs_3, minivault_5,
          hangedman_decor_push, chequers_serial_rivers_micro_a, uniq_harold
D:8:      minmay_the_grid_triangle_9x9_rhombus_full
          [minmay_the_grid_triangle_9x9_wacky_v,
          minmay_the_grid_triangle_9x9_negative_grid,
          minmay_the_grid_triangle_9x9_windchime,
          minmay_the_grid_triangle_9x9_warning,
          minmay_the_grid_triangle_9x9_semitri,
          minmay_the_grid_triangle_9x9_checkered,
          minmay_the_grid_triangle_9x9_fully_insulated_deathbox,
          minmay_the_grid_triangle_9x9_prize_special], layout_rooms,
          gammafunk_ghost_grave, uniq_maurice
D:9:      layout_stronghold, uniq_gastronok, uniq_pikel
D:10:     layout_small_grid, minmay_three_doors
D:11:     layout_stronghold, erik_orc_4
Temple:   roderic_octagonal_lattice_temple
Lair:1:   layout_chaotic_city, chequers_serial_rivers_marsh, lemuel_fruit_tree,
          wad_woods_river_01
Lair:2:   layout_roguey, swamp_mist_pool, minmay_snake_entry_six_corridors,
          serial_bayou_shore_b
Lair:3:   layout_small_grid, gammafunk_ghost_necromancy,
          nicolae_volcano_entry_lava_flow
Lair:4:   layout_regular_city, lemuel_old_faithful, grunt_megastairs_5,
          serial_bayou_shore_b
Lair:5:   layout_loops_ring, minmay_slime_entry_oklob_enclosed,
          nicolae_quartered_pool_little, chequers_serial_rivers_micro_e,
          serial_bayou_shore_b

Skill      XL: |  1  2  3  4  5  6  7  8  9 10 11 12 13 |
---------------+----------------------------------------+-----
Stealth        | 2 |  2.0
Dodging        | 2 |  2.0
Fighting       | 1 2 3 4 5 6 8 |  8.0
Spellcasting   | 3 4 5 6 7 9 11 | 11.9
Conjurations   | 5 6 7 8 9 11 12 13 | 13.1
Hexes          | 1 2 4 5 6 |  6.0
Ice Magic      | 2 4 5 6 8 |  8.0
Air Magic      | 2 4 5 6 8 |  8.0
Invocations    | 6 7 8 |  8.0

Action                   |  1- 3 |  4- 6 |  7- 9 | 10-12 | 13-15 || total
-------------------------+-------+-------+-------+-------+-------++-------
Melee: Dagger            |    40 |    47 |    53 |       |       ||   140
       Punch             |       |     1 |     1 |     6 |       ||     8
       Flail             |       |       |    53 |   192 |    53 ||   298
       Headbutt          |       |       |       |    10 |    16 ||    26
 Cast: Magic Dart        |    75 |    67 |    91 |   201 |    86 ||   520
       Searing Ray       |       |     5 |    70 |   270 |   130 ||   475
       Fulminant Prism   |       |       |     1 |     4 |     2 ||     7
       Freezing Cloud    |       |       |       |    37 |    28 ||    65
Evoke: Wand              |       |       |     3 |     2 |       ||     5
  Use: Scroll            |     6 |     4 |     4 |    16 |     3 ||    33
       Potion            |       |       |     1 |     3 |       ||     4
 Stab: Paralysed         |     4 |    15 |    57 |    54 |    24 ||   154
       Sleeping          |     2 |     2 |       |     4 |       ||     8
Armor: Robe              |     7 |    13 |    33 |    99 |    19 ||   171
Dodge: Dodged            |    26 |    22 |    61 |   146 |    49 ||   304
